Map: 레릴락 마루

Players

Healer

  • Race: Terran Terran
  • League: Master

TOP - Winner!

  • Race: Terran Terran

Event: Gauntlet LotV Series 1 Qualifier 2

VOD

Have the link to the VOD?

Description

Time

  • Played on: Dec. 5, 2015, 2:31 p.m.
  • Length: 16:07

All games in this series

Show
View Real Time Build Order
Export as new Build Order

Healer Terran 

Build Orders:  

Get SALT Encoding   

  12  0:01  SCV  
  13  0:13  SCV  
  14  0:17  Supply Depot  
  14  0:25  SCV  
  15  0:39  SCV  
  15  0:42  Barracks  
  16  0:44  Refinery  
  16  0:51  SCV  
  17  1:03  SCV  
  18  1:15  SCV  
  19  1:29  Orbital Command  
  19  1:30  Barracks Reactor  
  19  1:42  Command Center  
  19  1:45  Refinery  
  19  1:52  Supply Depot  
  19  1:56  SCV  
  20  2:06  Reaper x2  
  22  2:08  SCV  
  23  2:21  SCV  
  24  2:26  Factory  
  24  2:33  SCV  
  25  2:38  Reaper  
  26  2:45  SCV, Reaper  
  28  2:51  Supply Depot  
  28  2:57  SCV  
  29  3:09  SCV  
  30  3:14  Starport  
  29  3:21  SCV  
  29  3:23  Hellion x2  
  29  3:24  Barracks Tech Lab  
  34  3:27  Orbital Command  
  34  3:33  SCV  
  35  3:37  Engineering Bay  
  35  3:45  SCV  
  40  3:48  Hellion x2  
  40  3:54  SCV  
  48  4:10  Hellion x2  
  48  4:11  SCV  
  48  4:13  SCV  
  50  4:17  Supply Depot  
  50  4:19  Barracks Reactor, Raven  
  49  4:25  SCV x2  
  49  4:26  Factory  
  49  4:31  Missile Turret  
  51  4:37  SCV x2  
  53  4:40  Hellion x2  
  57  4:49  SCV x2  
  57  4:52  Supply Depot  
  59  5:01  SCV x2  
  59  5:04  Hellion x2  
  59  5:13  SCV x2  
  56  5:25  SCV x2  
  56  5:33  Hellion x3, Infernal Pre-Igniter  
  62  5:37  SCV x2  
  62  5:38  Viking x2  
  68  5:42  Supply Depot  
  68  5:49  SCV  
  70  5:50  SCV  
  70  5:53  Supply Depot  
  70  5:54  Hellion x2  
  76  5:57  Hellion  
  76  6:01  SCV  
  76  6:03  SCV  
  78  6:15  Viking x2  
  78  6:16  Hellion  
  84  6:19  Supply Depot  
  84  6:23  Hellion  
  84  6:24  Hellion  
  88  6:28  SCV  
  88  6:29  SCV  
  90  6:34  Supply Depot  
  90  6:37  Hellion  
  92  6:40  SCV  
  92  6:41  SCV  
  92  6:45  Viking x2  
  92  6:46  Siege Tank  
  101  6:51  Supply Depot  
  102  6:57  Refinery  
  102  6:58  Refinery  
  102  7:00  Hellion x2  
  105  7:04  SCV x2  
  103  7:16  SCV x2  
  103  7:19  Siege Tank  
  103  7:21  Hellion  
  98  7:28  SCV x2  
  95  7:30  Hellion  
  92  7:39  Viking  
  92  7:40  SCV  
  92  7:42  SCV  
  92  7:43  Hellion  
  94  7:51  Hellion, Siege Tank  
  98  7:53  SCV  
  98  7:54  SCV  
  98  8:04  Hellion  
  101  8:06  SCV  
  101  8:12  Hellion  
  104  8:15  Armory  
  103  8:20  Viking  
  103  8:21  Viking  
  103  8:26  SCV, Hellion  
  110  8:34  Hellion  
  112  8:35  Siege Tank  
  115  8:47  Hellion  
  117  8:52  Supply Depot  
  117  8:55  Supply Depot  
  117  9:14  Hellion x2, Viking x2, Siege Tank  
  98  9:35  Hellion x2  
  102  9:40  Supply Depot  
  102  9:41  Factory  
  102  9:44  Viking x2  
  106  9:46  Siege Tank  
  109  9:57  Hellion x2  
  113  10:14  Viking x2  
  115  10:18  Hellion x2, Siege Tank  
  114  10:29  Starport  
  106  10:40  Hellion x2  
  110  10:43  Viking x2  
  110  10:50  Siege Tank  
  110  10:53  Command Center  
  92  11:01  Hellion x2  
  90  11:07  Viking  
  92  11:15  Medivac x2  
  96  11:22  Hellion x2  
  96  11:23  Siege Tank  
  103  11:26  Factory Tech Lab, Terran Vehicle Weapons Level 1  
  103  11:36  Hellion x7  
  103  11:37  Viking  
  105  11:51  Viking x2  
  105  11:54  Hellion  
  115  11:55  Siege Tank  
  113  12:03  SCV  
  113  12:07  Orbital Command  
  112  12:12  Liberator x2  
  108  12:21  SCV  
  108  12:22  SCV  
  114  12:31  Viking  
  114  12:33  SCV  
  117  12:45  Refinery  
  117  12:46  Refinery  
  117  12:48  Siege Tank  
  117  12:49  Factory Reactor  
  120  12:54  Hellbat  
  120  12:55  Viking  
  124  13:01  Supply Depot  
  124  13:15  Siege Tank  
  124  13:17  Viking  
  127  13:20  Hellion  
  129  13:29  Hellion  
  129  13:30  Hellion  
  133  13:37  Missile Turret  
  133  13:41  Hellion  
  133  13:47  Hellion  
  137  13:51  Hellion x2  
  131  14:03  Siege Tank  
  131  14:08  Siege Tank  
  128  14:12  Hellion x2  
  128  14:13  Liberator x2  
  120  14:33  Hellion  
  120  14:34  Hellion  
  120  14:35  Siege Tank  
  117  14:41  Hellion  
  112  14:55  Hellion x2  
  114  15:02  Hellion  
  116  15:07  Siege Tank  
  70  15:37  Orbital Command  
Show
View Real Time Build Order
Export as new Build Order

TOP Terran - Winner!

Build Orders: Bio Tank, MMM Bio 

Get SALT Encoding   

  12  0:01  SCV  
  13  0:13  SCV  
  14  0:18  Supply Depot  
  14  0:25  SCV  
  15  0:39  SCV  
  15  0:41  Barracks  
  16  0:45  Refinery  
  16  0:51  SCV  
  17  1:04  SCV  
  18  1:16  SCV  
  19  1:28  Orbital Command  
  19  1:29  Barracks Reactor  
  19  1:43  Command Center  
  19  1:54  SCV, Supply Depot  
  20  2:07  Marine x2  
  22  2:10  SCV  
  22  2:14  Factory  
  23  2:22  SCV  
  24  2:25  Marine  
  25  2:34  SCV  
  25  2:45  Refinery  
  25  2:46  SCV  
  25  2:49  Marine x2  
  28  2:56  Orbital Command  
  28  2:58  SCV  
  29  3:00  Starport  
  29  3:05  Supply Depot  
  29  3:10  SCV  
  30  3:17  Hellion x2, Orbital Command  
  30  3:19  Marine  
  35  3:22  SCV  
  36  3:34  Supply Depot  
  36  3:38  Medivac  
  36  3:39  Hellion x2  
  36  3:40  Marine  
  43  3:44  SCV  
  44  3:55  SCV  
  45  3:56  SCV  
  45  3:59  Barracks Tech Lab  
  45  4:00  Hellion x2  
  50  4:03  Supply Depot  
  51  4:10  Engineering Bay  
  50  4:20  SCV x2  
  52  4:24  Viking  
  52  4:29  Supply Depot  
  52  4:31  Cyclone  
  57  4:33  Marine x2  
  59  4:44  SCV  
  61  4:49  Missile Turret  
  61  4:51  Marine x2  
  61  4:52  Missile Turret  
  62  5:04  Siege Tank  
  55  5:08  Marine x2  
  47  5:19  SCV x2  
  51  5:31  SCV x2  
  53  5:35  Missile Turret  
  53  5:38  Medivac  
  53  5:43  SCV x2  
  53  5:44  Marine x2  
  57  5:55  SCV x2  
  59  6:03  Marine x2  
  61  6:04  Siege Tank  
  61  6:07  SCV x2  
  66  6:19  SCV x2  
  66  6:24  Command Center  
  68  6:31  SCV x2  
  70  6:33  Barracks Tech Lab  
  70  6:35  Barracks  
  70  6:36  Starport Reactor  
  70  6:38  Barracks  
  70  6:42  Terran Infantry Weapons Level 1  
  70  6:43  SCV x2  
  70  6:45  Siege Tank  
  75  6:53  Refinery x2  
  77  6:54  Stimpack, Marauder  
  77  6:55  SCV  
  77  7:01  Supply Depot  
  78  7:03  Supply Depot  
  78  7:05  Supply Depot  
  78  7:18  SCV x2  
  78  7:19  Marauder  
  72  7:25  Marine x2  
  59  7:35  Marine  
  53  7:40  Marauder  
  52  7:52  Marine x2  
  52  7:56  Orbital Command  
  52  7:58  Siege Tank  
  54  7:59  Barracks Tech Lab  
  54  8:01  Marauder  
  54  8:05  SCV x2  
  61  8:09  Viking x2  
  61  8:10  Marine x2  
  63  8:15  Starport  
  63  8:17  SCV x2  
  63  8:18  Orbital Command  
  65  8:22  Marine, Marauder  
  68  8:27  Combat Shields  
  68  8:28  Marine  
  68  8:29  SCV x2  
  71  8:36  Marine  
  71  8:41  SCV, Viking, Marauder  
  74  8:43  Viking  
  79  8:49  SCV x2  
  79  8:52  Viking  
  83  8:56  SCV  
  83  8:58  Concussive Shells  
  83  9:01  SCV x2  
  76  9:03  Marine  
  76  9:04  Marauder  
  76  9:07  Marine  
  76  9:08  Marauder  
  82  9:11  Viking  
  71  9:27  Marine  
  71  9:28  Marauder  
  71  9:30  Viking  
  71  9:31  Viking  
  72  9:32  Marine  
  72  9:33  Marauder  
  75  9:41  Viking  
  75  9:45  Marine  
  76  9:46  Siege Tank  
  76  9:49  Marine  
  76  9:50  Marine  
  80  9:54  Marine  
  81  10:03  Marine  
  84  10:07  Liberator, Marauder  
  81  10:35  SCV  
  78  10:36  Marine  
  78  10:38  Marine  
  78  10:47  SCV  
  75  10:51  Orbital Command  
  62  10:58  Marauder, Marine x2  
  62  10:59  Marauder  
  62  11:02  SCV x2  
  70  11:14  SCV  
  71  11:20  Medivac x3  
  77  11:27  Marauder, Marine x2  
  77  11:28  Marine  
  82  11:44  Marine  
  82  11:45  Supply Depot, Marine  
  82  11:47  Marauder  
  86  11:48  Marauder  
  86  11:50  Medivac  
  90  12:02  Marine x2  
  90  12:08  Marauder  
  94  12:10  Marauder  
  93  12:20  Marine x2  
  93  12:21  Viking  
  93  12:22  Viking  
  99  12:27  Refinery  
  99  12:28  Refinery  
  99  12:29  SCV x2, Marauder  
  103  12:31  SCV, Marine  
  105  12:38  Marine x2  
  107  12:46  Viking  
  107  12:48  SCV x3  
  107  12:49  Marauder  
  107  12:50  Marine  
  115  13:00  SCV  
  116  13:09  Viking x2  
  116  13:10  SCV x2  
  122  13:13  Refinery  
  125  13:23  Supply Depot x2  
  125  13:24  Starport Reactor  
  122  13:28  Refinery  
  122  13:39  Viking  
  124  13:44  Viking  
  124  13:45  Siege Tank, Marauder  
  124  13:47  Liberator  
  124  13:48  Liberator  
  129  14:07  Marauder, Marine x2  
  129  14:09  Viking  
  141  14:21  Marine  
  139  14:25  Marine x2  
  141  14:37  Viking  
  141  14:40  Viking  
  141  14:43  Marine  
  141  14:44  Marine  
  141  14:50  Marauder  
  140  15:00  Marine  
  140  15:05  Marine  
  140  15:06  Marauder  
  140  15:10  Marine  
  108  15:17  Orbital Command  
  108  15:18  Marine  
  101  15:23  Marine  
  101  15:27  Marauder  
  102  15:29  Marauder  
  104  15:36  Marine  
  105  15:48  Marine  
Tags
 
Add a new tag
Caveats
  • Supply blocks, unpowered buildings, or Contaminate may cause inaccurate times.
  • Supply counts are checked every 10 seconds.